Workbook

Sheet PRESUPUESTO GENERAL
A2: REGIONAL: | B2: BOSQUES
A3: Nombre del proyecto | B3: Establecimiento de sistemas Agroforestales como acción para la adaptación al cambio climático mediante la siembra de cultivos de cacao en la zona rural del municipio de Cocorná
A4: Ubicación de desarrollo del proyecto | B4: MUNICIPIO DE COCORNÁ
A5: Regional que lidera el proyecto | B5: BOSQUES
A6: Dirección responsable del proyecto
A7: Correo de contacto del proyecto:
A8: Profesional encargado
A9: ITEM | B9: ACTIVIDADES ASOCIADAS AL PROYECTO | C9: UNIDAD | D9: CANTIDAD DEL PROYECTO | E9: VALOR UNITARIO | F9: VALOR TOTAL | G9: APORTE ECONÓMICO CORNARE | H9: APORTE EN SERVICIO MUNICIPIO | I9: APORTE ECONOMICO MUNICIPIO
A10: 1 | B10: FORTALECIMIENTO 50 UNIDADES PRODUCTIVAS EN CACAO | C10: Unidad | D10: 50 | E10: ='1. ESTABLECIMIENTO 0.5 HA CACAO'!H15 -> 2458653.7 | F10: =D10*E10 -> 1.2293268e+08 | G10: =+F10-I10 -> 93332683 | H10: 0 | I10: 29600000 | K10: ='1. ESTABLECIMIENTO 0.5 HA CACAO'!G12 -> 2384334 | L10: =K10*D10 -> 119216700
A11: 2 | B11: ACOMPAÑAMIENTO TECNICO | C11: Tecnico | D11: 4 | E11: ='2. ACOMPAÑAMIENTO TÉCNICO'!E7 -> 2700000 | F11: =+E11*D11 -> 10800000 | G11: 0 | H11: =E11*D11 -> 10800000 | I11: 0
A12: 3 | B12: TALLERES | C12: Unidad | D12: 8 | E12: ='3. TALLERES'!F10 -> 465000 | F12: =+E12*D12 -> 3720000 | G12: 0 | H12: =E12*D12 -> 3720000 | I12: 0
A13: 4 | B13: FABRICA DE ABONOS | C13: Unidad | D13: 50 | E13: =#REF! -> #REF! | F13: =D13*E13 -> #REF! | G13: =F13-I13 -> #REF! | H13: 0 | I13: 0
A14: TOTAL DEL PROYECTO | F14: =SUM(F10:F13) -> #REF! | G14: =SUM(G10:G13) -> #REF! | H14: =SUM(H10:H12) -> 14520000 | I14: =SUM(I10:I13) -> 29600000
A15: APORTE | B15: APORTE | F15: 1

Sheet AU
A1: CÁLCULO DEL A.U.
A2: ESTABLECIMIENTO DE SISTEMAS AGROFORESTALES COMO ACCIÓN PARA LA ADAPTACIÓN AL CAMBIO CLIMÁTICO MEDIANTE LA SIEMBRA DE CULTIVOS DE CACAO EN LA ZONA RURAL DEL MUNICIPIO DE COCORNÁ
B4: CALCULO DETALLADO DEL VALOR PORCENTUAL DEL A.U.
B7: Duración estimada del Proyecto en meses | G7: 6
B8: Costo directo total del Proyecto | G8: ='PRESUPUESTO GENERAL'!L10 -> 119216700
B9: A.U. Asumido para el cálculo | C9: 0.15 | G9: =ROUND(G8*C9,0) -> 17882505
B10: Valor total estimado del Proyecto A.O | G10: =SUM(G8:G9) -> 137099205
B11: DESCRIPCION | C11: UNIDAD | D11: CANTIDAD | E11: VR UNITARIO | F11: DEDICACIÒN Y/O PORCENTAJE DE UTILIZACIÓN | G11: VR. TOTAL
B12: GASTOS ARRENDAMIENTO Y OFICINA
B13: Bodega | C13: Mes | D13: =G7 -> 6 | E13: =$G$8 -> 119216700 | F13: 0.00163333 | G13: =ROUND(D13*E13*F13,0) -> 1168321
B14: Papeleria fotocopias, edición informes, registros fotográficos entre otros | C14: Gl | D14: 1 | E14: =$G$8 -> 119216700 | F14: 0.0002 | G14: =ROUND(D14*E14*F14,0) -> 23843
B15: GASTOS DE LEGALIZACIÓN E IMPUESTOS | G15: =ROUND(D15*E15*F15,0) -> 0
B16: Estampillas Pro cultura | C16: % | D16: 1 | E16: =$G$8 -> 119216700 | F16: 0.02 | G16: =ROUND(D16*E16*F16,0) -> 2384334
B17: Estampillas Pro adulto mayor | C17: % | D17: 1 | E17: =$G$8 -> 119216700 | F17: 0.03 | G17: =ROUND(D17*E17*F17,0) -> 3576501
B18: Estampillas Prodeporte | C18: % | D18: 1 | E18: =$G$8 -> 119216700 | F18: 0.02 | G18: =ROUND(D18*E18*F18,0) -> 2384334
B19: Estampillas ProHospital | C19: % | D19: 1 | E19: =$G$8 -> 119216700 | F19: 0.01 | G19: =ROUND(D19*E19*F19,0) -> 1192167
B20: Estampillas Pro Electrificacion | C20: % | D20: 1 | E20: =$G$8 -> 119216700 | F20: 0.01 | G20: =ROUND(D20*E20*F20,0) -> 1192167
B21: Valor total de los Costos de Legalización y Administración | G21: =SUM(G12:G20) -> 11921667
B22: UTILIDAD | G22: =G8*G24 -> 5960837.5
B23: Valor porcentual de la Legalización y Administración | G23: =G21/G8 -> 0.099999975
B24: Valor porcentual de la Utilidad estimada | G24: 0.050000021
B26: Valor Total porcentual del A.U. | G26: =G23+G24 -> 0.15

Sheet 1. ESTABLECIMIENTO 0.5 HA CACAO
B2: 1 | C2: Desarrollar estrategias de restauración (agroforestal cacao) Hectarea - Establecimiento
B3: 1.1 | C3: Actividad | D3: Unidad | E3: Cantidad | F3: Valor Unitario | G3: Valor Total | H3: Valor x 25 Ha
B4: 1.3 | C4: Colinos de platano | D4: Plántulas | E4: 50 | F4: 4950 | G4: =E4*F4 -> 247500 | H4: =+G4*50 -> 12375000
B5: 1.4 | C5: Cacao (Theobroma cacao) | D5: Plántulas | E5: 300 | F5: 4950 | G5: =E5*F5 -> 1485000 | H5: =+G5*50 -> 74250000
B6: 1.6 | C6: Plántulas árboles forestales nativos de conservación y protección - Mínimo de 40cm | D6: Plántulas | E6: 30 | F6: 3200 | G6: =E6*F6 -> 96000 | H6: =+G6*50 -> 4800000
B7: 1.7 | C7: Yuca (Manihot esculenta) | D7: Esquejes | E7: 30 | F7: 1000 | G7: =E7*F7 -> 30000 | H7: =+G7*50 -> 1500000
B8: 1.8 | C8: Árboles frutales altura entre 50-80 cm | D8: Plántulas | E8: 8 | F8: 31548 | G8: =E8*F8 -> 252384 | H8: =+G8*50 -> 12619200
B9: 1.9 | C9: Abono orgánico (500gr/plántula cacao y forestales) | D9: Bulto (50kg) | E9: 5 | F9: 26290 | G9: =E9*F9 -> 131450 | H9: =+G9*50 -> 6572500
B10: 1.10 | C10: Cal Dolomita (250g/plántula cacao y forestales) | D10: Bulto (50kg) | E10: 2 | F10: 21000 | G10: =E10*F10 -> 42000 | H10: =+G10*50 -> 2100000
B11: 1.12 | C11: Material vegetal alelopático - huerta | D11: Kit | E11: 1 | F11: 100000 | G11: 100000 | H11: =+G11*50 -> 5000000
B12: Total Costos Directos | G12: =SUM(G4:G11) -> 2384334 | H12: =SUM(H4:H11) -> 119216700
B13: 1.17 | C13: Costos Administrativos y Utilidad ( AU ) | D13: Unidad | E13: 1 | F13: 0.15 | G13: =+G12*F13 -> 357650.1 | H13: =H12*F13 -> 17882505
B14: Total Costos Directos + Indirectos | H14: =H12+H13 -> 137099205
B15: total 0.5 ha | H15: 2458653.7

Sheet 2. ACOMPAÑAMIENTO TÉCNICO
A2: ANALISIS DE PRECIOS UNITARIOS
A3: PROYECTO: apoyo técnico transversal para la implementación de las areas agroforestales y la ejecucion del proyecto
A6: ITEM | B6: DESCRIPCION O NOMBRE | C6: UNIDAD | D6: CANTIDAD | E6: V/UNI | F6: V.R TOTAL
A7: 1 | B7: Asistencia técnica | C7: Mes | D7: 4 | E7: 2700000 | F7: =D7*E7 -> 10800000
A8: TOTAL VALOR | F8: =SUM(F7) -> 10800000

Sheet 3. TALLERES
A1: ANALISIS DE PRECIOS UNITARIOS
A2: TALLERES DE EDUCACIÓN AMBIENTAL
A5: ITEM | B5: DESCRIPCION O NOMBRE | C5: UNIDAD | D5: CANTIDAD | E5: V/UNI | F5: V.R TOTAL
A6: 1 | B6: Tallerista | C6: Hora | D6: 4 | E6: 50000 | F6: =D6*E6 -> 200000
A7: 2 | B7: Transporte tallerista | C7: Transporte | D7: 1 | E7: 30000 | F7: =D7*E7 -> 30000
A8: 3 | B8: Material Tallerista | C8: Global | D8: 1 | E8: 60000 | F8: =E8 -> 60000
A9: 4 | B9: Refrigerio para 25 personas | C9: Unidad | D9: 25 | E9: 7000 | F9: =D9*E9 -> 175000
A10: VALOR TOTAL | F10: =SUM(F6:F9) -> 465000

Sheet 5. FABRICA DE ABONO
A2: FÁBRICA DE ABONOS
A3: DESCRIPCION | B3: UNIDAD | C3: CANTIDAD | D3: VALOR
C4: Familia | D4: Unitario | E4: Total
A5: Baldes | B5: 10 litros | C5: 1 | D5: 10200 | E5: =+D5*C5 -> 10200
A6: Caneca | B6: 15 galones | C6: 1 | D6: 90000 | E6: =+D6*C6 -> 90000
A7: Caneca | B7: 30 galones | C7: 1 | D7: 130000 | E7: =+D7*C7 -> 130000
A8: Manguera de nivel | B8: metro | C8: 4 | D8: 6000 | E8: =+D8*C8 -> 24000
A9: Harina de cereal (Maíz, trigo, Sorgo, mogolla de trigo) salvado de trigo x 40 jg | B9: bulto x 40 kg | C9: 1 | D9: 50000 | E9: =+D9*C9 -> 50000
A10: Borax | B10: kilogramo | C10: 1 | D10: 17900 | E10: =+D10*C10 -> 17900
A11: Sulfato de Magnesio | B11: kilogramo | C11: 2 | D11: 16000 | E11: =+D11*C11 -> 32000
A12: Sulfato de Zinc | B12: kilogramo | C12: 1 | D12: 16000 | E12: =+D12*C12 -> 16000
A13: Melaza | B13: bolsa x 30 kg | C13: 1 | D13: 48000 | E13: =+D13*C13 -> 48000
A14: Bandeja de Germinacion X128 Cavidades Semillas y Esquejes. Los alvéolos o celdas del semillero son de paredes lisas. | B14: unidad | C14: 1 | D14: 15000 | E14: =+D14*C14 -> 15000
A15: Sulfato de Cobre pentahidratado | B15: kilogramo | C15: 1 | D15: 40500 | E15: =+D15*C15 -> 40500
A16: Cal apagada o hidróxido de calcio Bulto * Kilogramos | B16: Bulto x 10 kg | C16: 1 | D16: 26400 | E16: =+D16*C16 -> 26400
A17: Total | E17: =SUM(E5:E16) -> 500000
